WCHLSIM.com - West Coast Hockey League
html PUBLIC "-//W3C//DTD XHTML 1.0 Transitional//EN" "http://www.w3.org/TR/xhtml1/DTD/xhtml1-transitional.dtd"> WCHL - Game 75 - VANCOUVER VOODOO vs SAN FRANCISCO SPIDERS

VANCOUVER VOODOO vs SAN FRANCISCO SPIDERS

Created - 23 novembre 2020 at 21:52

Goals
1 2 3 OT1 T
VANCOUVER VOODOO 2 0 0 0 2
SAN FRANCISCO SPIDERS 0 1 1 1 3
Shots
1 2 3 OT1 T
VANCOUVER VOODOO 13 11 11 1 36
SAN FRANCISCO SPIDERS 10 11 10 3 34

1st period

1. VANCOUVER VOODOO , Andrew Shaw 3 (Joel Armia 3, Jarred Tinordi 1) at 4:51
2. VANCOUVER VOODOO , Noel Acciari 6 (Victor Rask 3, Jared McCann 3) at 17:12

Penalties :
P.K. Subban (VAN) for Holding (Minor) at 6:25

2nd period

3. SAN FRANCISCO SPIDERS , Calle Jarnkrok 1 (Nate Schmidt 5, Andrei Svechnikov 2) at 9:40

Penalties :
Jordan Schmaltz (SAF) for Hooking (Minor) at 2:34, Michael Stone (SAF) for Holding (Minor) at 5:57, Jordan Schmaltz (SAF) for Interference (Minor) at 12:03

3rd period

4. SAN FRANCISCO SPIDERS , Erik Haula 3 (Alex Chiasson 4, Nate Schmidt 6) at 5:27 (PP)

Penalties :
Jared McCann (VAN) for Hooking (Minor) at 3:31, Joel Armia (VAN) for Tripping (Minor) at 12:55, Tyler Myers (SAF) for High sticking (Minor) at 18:05

Overtime #1

5. SAN FRANCISCO SPIDERS , Alex Chiasson 2 (Jordan Oesterle 1) at 4:43

Penalties :
No Penalty

Goalie Stats

Carey Price (VAN), 31 saves from 34 shots - (0,912), OTL, 2-1-1, 64:44 minutes
Malcolm Subban (SAF), 34 saves from 36 shots - (0,944), W, 2-1-0, 64:44 minutes

Players Stats for VANCOUVER VOODOO

Player Name              G  A  P  +/- PIM S  H  SB GA TA FO     MP     PP MP  PK MP  
------------------------------------------------------------------------------------
Andrew Shaw              1  0  1   0  0   4  5  0  0  0  18/29  21:41   3:54   2:39 
Artturi Lehkonen         0  0  0   0  0   4  1  0  0  0  0/1    22:07   3:57   3:03 
Brendan Lemieux          0  0  0   0  0   3  1  0  0  0  0/0    11:52   0:00   0:00 
Danny DeKeyser           0  0  0  -1  0   0  0  1  0  0  0/0    22:16   0:00   3:12 
Filip Chlapik            0  0  0   0  0   1  1  0  0  0  5/19   13:24   0:10   1:22 
Jared McCann             0  1  1   0  2   2  1  0  0  0  2/2    20:04   3:54   0:00 
Jarred Tinordi           0  1  1   1  0   1  3  2  0  0  0/0    16:46   0:00   3:00 
Joel Armia               0  1  1  -1  2   4  0  0  0  0  0/2    20:25   3:54   1:53 
Mathew Dumba             0  0  0  -2  0   0  4  1  0  0  0/0    26:08   3:45   2:54 
Max Jones                0  0  0   0  0   1  0  0  0  0  0/0     6:01   0:00   0:00 
Mike Green               0  0  0   1  0   0  0  0  0  0  0/0    19:18   4:06   0:00 
Nicolas Hague            0  0  0   1  0   0  0  0  0  0  0/0    18:47   4:06   0:50 
Nicolas Roy              0  0  0   0  0   1  1  0  0  0  1/2     6:01   0:00   0:00 
Noel Acciari             1  0  1   1  0   7  2  3  0  0  4/8    19:31   0:00   2:51 
P.K. Subban              0  0  0   1  2   0  1  1  0  0  0/0    21:33   3:45   1:52 
Paul Byron               0  0  0   0  0   5  0  0  0  0  0/1    15:54   3:57   0:00 
Rasmus Asplund           0  0  0   0  0   0  0  0  0  0  6/9     6:06   0:00   0:00 
Victor Rask              0  1  1   1  0   3  1  1  0  0  19/31  20:26   3:47   0:00 

Players Stats for SAN FRANCISCO SPIDERS

Player Name              G  A  P  +/- PIM S  H  SB GA TA FO     MP     PP MP  PK MP  
------------------------------------------------------------------------------------
Alex Chiasson            1  1  2   1  0   3  0  3  0  0  2/2    17:29   2:43   0:00 
Alexander Kerfoot        0  0  0  -2  0   1  1  0  0  0  0/0    10:40   0:00   0:00 
Andrei Svechnikov        0  1  1   1  0   6  1  1  0  0  1/4    23:18   3:11   4:57 
Calle Jarnkrok           1  0  1   1  0   3  0  0  0  0  11/23  13:20   0:00   0:00 
Danton Heinen            0  0  0   0  0   1  1  0  0  0  6/19   12:12   3:11   0:13 
Dominik Kahun            0  0  0   0  0   2  2  0  0  0  0/0     8:48   0:00   0:00 
Dominik Simon            0  0  0   0  0   0  2  0  0  0  0/0     8:48   0:00   0:00 
Erik Haula               1  0  1   0  0   2  0  0  0  0  16/26  20:34   2:43   2:54 
Jordan Oesterle          0  1  1   0  0   1  0  1  0  0  0/0    21:20   2:27   3:22 
Jordan Schmaltz          0  0  0  -1  4   0  2  0  0  0  0/0    15:07   0:00   1:28 
Karl Alzner              0  0  0  -1  0   0  0  0  0  0  0/0    14:33   0:00   0:52 
Kirby Dach               0  0  0  -2  0   1  1  1  0  0  5/12   10:40   0:00   0:00 
Michael Stone            0  0  0  -1  2   0  3  1  0  0  0/0    19:02   2:27   2:24 
Mike Hoffman             0  0  0   0  0   9  0  0  0  0  3/11   23:17   3:11   4:49 
Milan Lucic              0  0  0   2  0   0  2  0  0  0  3/5    20:16   2:43   2:54 
Nate Schmidt             0  2  2   1  0   2  3  1  0  0  0/0    28:01   3:27   4:42 
Nico Sturm               0  0  0  -2  0   1  0  1  0  0  2/2    12:10   0:00   0:00 
Tyler Myers              0  0  0   1  2   2  3  1  0  0  0/0    26:42   3:27   3:04 

3 Stars

1 - Alex Chiasson (SAF)
2 - Nate Schmidt (SAF)
3 - Malcolm Subban (SAF)

Power Play

VANCOUVER VOODOO - 0 on 4 Attempt(s) - 0,00%
SAN FRANCISCO SPIDERS - 1 on 3 Attempt(s) - 33,33%

Penalty Kill

VANCOUVER VOODOO - 2 on 3 Attempt(s) - 66,67% - Score 0 goal in Penalty Kill
SAN FRANCISCO SPIDERS - 4 on 4 Attempt(s) - 100,00% - Score 0 goal in Penalty Kill

Team Stat

VANCOUVER VOODOO - Hits : 21 - Faceoff Wins : 55 - Blocked Shots : 9 - Penalty Minutes : 6
SAN FRANCISCO SPIDERS - Hits : 21 - Faceoff Wins : 49 - Blocked Shots : 10 - Penalty Minutes : 8

Official

Referees : Ghislain Hebert and Kenny Anderson
Linesman : Devin Berg and Travis Gawryletz

Game Notes

No Game Note

Finance

Level 1 -- Attendance: 6105 (100,00%) -- Ticket Income 793 650 $
Level 2 -- Attendance: 5021 (96,93%) -- Ticket Income 406 701 $
Level 3 -- Attendance: 1974 (97,00%) -- Ticket Income 120 414 $
Level 4 -- Attendance: 4180 (100,00%) -- Ticket Income 167 200 $
Luxury Box -- Attendance: 911 (91,10%) -- Ticket Income 236 860 $
Game was played at the Bay Area Sports Center.
Total Attendance: 18191 (98,33%)
Total Ticket Income: 1 724 825 $
Other Income: 603 689 $
Total Income: 2 328 514 $

VANCOUVER VOODOO

5 vs 5 Forward 
   Center                   Left Wing                Right Wing               Time % Phy DF OF 
 1 Victor Rask              Jared McCann             Noel Acciari             36     1   1  3  
 2 Andrew Shaw              Artturi Lehkonen         Joel Armia               31     2   1  2  
 3 Filip Chlapik            Brendan Lemieux          Paul Byron               25     2   2  1  
 4 Rasmus Asplund           Max Jones                Nicolas Roy              8      1   2  2  

5 vs 5 Defense 
   Defense                  Defense                                           Time % Phy DF OF 
 1 Mathew Dumba             Danny DeKeyser                                    36     1   1  3  
 2 P.K. Subban              Mike Green                                        33     2   3  0  
 3 Jarred Tinordi           Nicolas Hague                                     31     1   1  3  
 4 Mathew Dumba             Mike Green                                        0      1   2  2  

PowerPlay Forward 
   Center                   Left Wing                Right Wing               Time % Phy DF OF 
 1 Andrew Shaw              Jared McCann             Joel Armia               50     1   1  3  
 2 Victor Rask              Artturi Lehkonen         Paul Byron               50     3   0  2  

PowerPlay Defense
   Defense                  Defense                                           Time % Phy DF OF 
 1 Mathew Dumba             P.K. Subban                                       50     1   1  3  
 2 Nicolas Hague            Mike Green                                        50     1   2  2  

Penalty Kill 4 Players Forward 
   Center                   Wing                     Time % Phy DF OF 
 1 Noel Acciari             Joel Armia               50     1   4  0  
 2 Andrew Shaw              Artturi Lehkonen         50     2   2  1  

Penalty Kill 4 Players Defense
   Defense                  Defense                  Time % Phy DF OF 
 1 Danny DeKeyser           Jarred Tinordi           50     3   2  0  
 2 P.K. Subban              Mathew Dumba             50     1   3  1  

Penalty Kill - 3 Players Forward 
   Forward                                           Time % Phy DF OF 
 1 Noel Acciari                                      50     1   4  0  
 2 Victor Rask                                       50     2   3  0  

Penalty Kill - 3 Players Defense
   Defense                  Defense                  Time % Phy DF OF 
 1 Danny DeKeyser           Nicolas Hague            50     1   3  1  
 2 Jarred Tinordi           Mathew Dumba             50     2   3  0  

4 vs 4 Forward 
   Center                   Wing                     Time % Phy DF OF 
 1 Rasmus Asplund           Paul Byron               55     1   2  2  
 2 Victor Rask              Nicolas Roy              45     1   3  1  

4 vs 4 Defense
   Defense                  Defense                  Time % Phy DF OF 
 1 Nicolas Hague            Mike Green               50     2   2  1  
 2 Jarred Tinordi           P.K. Subban              50     1   1  3  

Last Minutes Offensive
   Center                   Left Wing                Right Wing               Defense                  Defense                  
   Noel Acciari             Jared McCann             Joel Armia               Mathew Dumba             P.K. Subban              

Last Minutes Defensive
   Center                   Left Wing                Right Wing               Defense                  Defense                  
   Noel Acciari             Jared McCann             Joel Armia               Mathew Dumba             P.K. Subban              

Goaltenders
Starting : Carey Price              
Backup : Martin Jones             

Extra Forwards
Normal : Filip Chlapik, Andrew Shaw, Max Jones - PP : Filip Chlapik, Andrew Shaw - PK : Filip Chlapik
Extra Defensemen
Normal : Jarred Tinordi, Mathew Dumba, Danny DeKeyser - PP : Mike Green - PK : Nicolas Hague, Danny DeKeyser
Penalty Shots
Paul Byron, Noel Acciari, Joel Armia, Jared McCann, Artturi Lehkonen
Custom OT Lines Forwards
Andrew Shaw, Noel Acciari, Joel Armia, Jared McCann, Artturi Lehkonen, Victor Rask, Paul Byron, Brendan Lemieux, Filip Chlapik, Nicolas Roy
Custom OT Lines Defensemen
Mathew Dumba, P.K. Subban, Danny DeKeyser, Nicolas Hague, Mike Green

Scratches
Bryan Little (Right Foot Injury), Cameron Gaunce (Torn Left Knee Ligaments Injury)

SAN FRANCISCO SPIDERS

5 vs 5 Forward 
   Center                   Left Wing                Right Wing               Time % Phy DF OF 
 1 Calle Jarnkrok           Milan Lucic              Andrei Svechnikov        30     0   4  1  
 2 Erik Haula               Mike Hoffman             Alex Chiasson            30     0   4  1  
 3 Danton Heinen            Dominik Kahun            Dominik Simon            20     0   4  1  
 4 Kirby Dach               Alexander Kerfoot        Nico Sturm               20     0   4  1  

5 vs 5 Defense 
   Defense                  Defense                                           Time % Phy DF OF 
 1 Tyler Myers              Nate Schmidt                                      36     0   5  0  
 2 Jordan Oesterle          Michael Stone                                     31     0   5  0  
 3 Karl Alzner              Jordan Schmaltz                                   23     0   5  0  
 4 Tyler Myers              Nate Schmidt                                      10     0   5  0  

PowerPlay Forward 
   Center                   Left Wing                Right Wing               Time % Phy DF OF 
 1 Danton Heinen            Mike Hoffman             Andrei Svechnikov        55     1   2  2  
 2 Erik Haula               Milan Lucic              Alex Chiasson            45     1   2  2  

PowerPlay Defense
   Defense                  Defense                                           Time % Phy DF OF 
 1 Tyler Myers              Nate Schmidt                                      55     1   2  2  
 2 Jordan Oesterle          Michael Stone                                     45     1   2  2  

Penalty Kill 4 Players Forward 
   Center                   Wing                     Time % Phy DF OF 
 1 Mike Hoffman             Andrei Svechnikov        55     1   2  2  
 2 Milan Lucic              Erik Haula               45     1   2  2  

Penalty Kill 4 Players Defense
   Defense                  Defense                  Time % Phy DF OF 
 1 Tyler Myers              Nate Schmidt             55     1   2  2  
 2 Jordan Oesterle          Michael Stone            45     1   2  2  

Penalty Kill - 3 Players Forward 
   Forward                                           Time % Phy DF OF 
 1 Mike Hoffman                                      55     1   2  2  
 2 Andrei Svechnikov                                 45     1   2  2  

Penalty Kill - 3 Players Defense
   Defense                  Defense                  Time % Phy DF OF 
 1 Tyler Myers              Nate Schmidt             55     1   2  2  
 2 Jordan Oesterle          Michael Stone            45     1   2  2  

4 vs 4 Forward 
   Center                   Wing                     Time % Phy DF OF 
 1 Mike Hoffman             Andrei Svechnikov        55     1   2  2  
 2 Kirby Dach               Erik Haula               45     1   2  2  

4 vs 4 Defense
   Defense                  Defense                  Time % Phy DF OF 
 1 Tyler Myers              Nate Schmidt             55     1   2  2  
 2 Jordan Oesterle          Michael Stone            45     1   2  2  

Last Minutes Offensive
   Center                   Left Wing                Right Wing               Defense                  Defense                  
   Erik Haula               Mike Hoffman             Andrei Svechnikov        Tyler Myers              Nate Schmidt             

Last Minutes Defensive
   Center                   Left Wing                Right Wing               Defense                  Defense                  
   Erik Haula               Mike Hoffman             Andrei Svechnikov        Tyler Myers              Nate Schmidt             

Goaltenders
Starting : Malcolm Subban           
Backup : Igor Shesterkin          

Extra Forwards
Normal : Kirby Dach, Nico Sturm, Danton Heinen - PP : Kirby Dach, Nico Sturm - PK : Danton Heinen
Extra Defensemen
Normal : Karl Alzner, Jordan Schmaltz, Jordan Oesterle - PP : Karl Alzner - PK : Jordan Schmaltz, Jordan Oesterle
Penalty Shots
Mike Hoffman, Andrei Svechnikov, Nico Sturm, Erik Haula, Milan Lucic
Custom OT Lines Forwards
Mike Hoffman, Andrei Svechnikov, Nico Sturm, Erik Haula, Milan Lucic, Alex Chiasson, Danton Heinen, Dominik Kahun, Alexander Kerfoot, Kirby Dach
Custom OT Lines Defensemen
Tyler Myers, Nate Schmidt, Jordan Oesterle, Michael Stone, Karl Alzner

Scratches
None


% Time on Ice - VANCOUVER VOODOO

Lines # - Real PCT - Wanted PCT - Time Play
Normal Forward
1 - 32% - 36% - 14:57
2 - 29% - 31% - 13:25
3 - 26% - 25% - 11:52
4 - 13% - 8% - 6:01
Normal Defense
1 - 38% - 36% - 17:22
2 - 33% - 33% - 15:07
3 - 30% - 31% - 13:46
4 - 0% - 0% - 0:00
PP Forward
1 - 50% - 50% - 3:54
2 - 50% - 50% - 3:57
PP Defense
1 - 48% - 50% - 3:45
2 - 52% - 50% - 4:06
PK Forward
1 - 48% - 50% - 2:51
2 - 52% - 50% - 3:03
PK Defense
1 - 51% - 50% - 3:00
2 - 49% - 50% - 2:54
PK3 Forward
1 - 0% - 50%
2 - 0% - 50%
PK3 Defense
1 - 0% - 50%
2 - 0% - 50%
44 Forward
1 - 100% - 55% - 0:05
2 - 0% - 45% - 0:00
44 Defense
1 - 100% - 50% - 0:05
2 - 0% - 50% - 0:00
Last Minute Offensive  - 0:00
Last Minute Defensive  - 0:00
Total
Forward - 60:05
Defense - 60:05

% Time on Ice - SAN FRANCISCO SPIDERS

Lines # - Real PCT - Wanted PCT - Time Play
Normal Forward
1 - 29% - 30% - 13:20
2 - 29% - 30% - 13:27
3 - 19% - 20% - 8:48
4 - 23% - 20% - 10:40
Normal Defense
1 - 34% - 36% - 15:55
2 - 31% - 31% - 14:12
3 - 30% - 23% - 13:41
4 - 5% - 10% - 2:27
PP Forward
1 - 54% - 55% - 3:11
2 - 46% - 45% - 2:43
PP Defense
1 - 58% - 55% - 3:27
2 - 42% - 45% - 2:27
PK Forward
1 - 63% - 55% - 4:57
2 - 37% - 45% - 2:54
PK Defense
1 - 61% - 55% - 4:45
2 - 39% - 45% - 3:06
PK3 Forward
1 - 100% - 55% - 0:05
2 - 0% - 45% - 0:00
PK3 Defense
1 - 100% - 55% - 0:05
2 - 0% - 45% - 0:00
44 Forward
1 - 0% - 55%
2 - 0% - 45%
44 Defense
1 - 0% - 55%
2 - 0% - 45%
Last Minute Offensive  - 0:00
Last Minute Defensive  - 0:00
Total
Forward - 60:05
Defense - 60:05

Play-by-Play

1st period


0:01 of 1st period - Calle Jarnkrok wins face-off versus Victor Rask in neutral zone.
1:17 of 1st period - Shot by Artturi Lehkonen.
1:17 of 1st period - Shot Misses the Net.
1:19 of 1st period - Shot by Artturi Lehkonen.
1:19 of 1st period - Shot Blocked by Jordan Oesterle.
1:21 of 1st period - Shot by Andrew Shaw.
1:21 of 1st period - Stopped by Malcolm Subban without a rebound.
1:22 of 1st period - Filip Chlapik wins face-off versus Danton Heinen in SAN FRANCISCO SPIDERS zone.
1:27 of 1st period - Shot by Paul Byron.
1:27 of 1st period - Stopped by Malcolm Subban with a rebound.
1:29 of 1st period - Shot by Paul Byron.
1:29 of 1st period - Stopped by Malcolm Subban without a rebound.
1:30 of 1st period - Kirby Dach wins face-off versus Andrew Shaw in SAN FRANCISCO SPIDERS zone.
1:32 of 1st period - Alexander Kerfoot is hit by Andrew Shaw and loses puck.
1:37 of 1st period - Karl Alzner is hit by Andrew Shaw and loses puck.
3:03 of 1st period - Shot by Paul Byron.
3:03 of 1st period - Stopped by Malcolm Subban without a rebound.
3:04 of 1st period - Alex Chiasson wins face-off versus Rasmus Asplund in SAN FRANCISCO SPIDERS zone.
3:17 of 1st period - Icing by Mathew Dumba.
3:18 of 1st period - Rasmus Asplund wins face-off versus Calle Jarnkrok in VANCOUVER VOODOO zone.
3:25 of 1st period - Shot by Nicolas Roy.
3:25 of 1st period - Stopped by Malcolm Subban without a rebound.
3:26 of 1st period - Erik Haula wins face-off versus Victor Rask in SAN FRANCISCO SPIDERS zone.
3:26 of 1st period - Erik Haula is hit by Victor Rask.
3:42 of 1st period - Shot by Alex Chiasson.
3:42 of 1st period - Shot Misses the Net.
3:44 of 1st period - Shot by Alex Chiasson.
3:44 of 1st period - Shot Misses the Net.
3:46 of 1st period - Shot by Nate Schmidt.
3:46 of 1st period - Shot Blocked by Noel Acciari.
3:48 of 1st period - Shot by Alex Chiasson.
3:48 of 1st period - Stopped by Carey Price without a rebound.
3:49 of 1st period - Calle Jarnkrok wins face-off versus Filip Chlapik in VANCOUVER VOODOO zone.
4:12 of 1st period - Icing by Mike Green.
4:13 of 1st period - Erik Haula wins face-off versus Filip Chlapik in VANCOUVER VOODOO zone.
4:33 of 1st period - Off-side.
4:34 of 1st period - Nico Sturm wins face-off versus Andrew Shaw in neutral zone.
4:38 of 1st period - Alexander Kerfoot is hit by Jarred Tinordi and loses puck.
4:51 of 1st period - Shot by Andrew Shaw.
4:51 of 1st period - Goal by Andrew Shaw - VANCOUVER VOODOO : 1 - SAN FRANCISCO SPIDERS : 0.
4:52 of 1st period - Calle Jarnkrok wins face-off versus Victor Rask in neutral zone.
4:59 of 1st period - Shot by Andrei Svechnikov.
4:59 of 1st period - Shot Blocked by Noel Acciari.
5:01 of 1st period - Shot by Milan Lucic.
5:01 of 1st period - Deflect By Andrei Svechnikov.
5:01 of 1st period - Shot Blocked by Victor Rask.
5:03 of 1st period - Shot by Tyler Myers.
5:03 of 1st period - Stopped by Carey Price with a rebound.
5:05 of 1st period - Shot by Tyler Myers.
5:05 of 1st period - Stopped by Carey Price without a rebound.
5:06 of 1st period - Andrew Shaw wins face-off versus Danton Heinen in VANCOUVER VOODOO zone.
5:10 of 1st period - Icing by Andrew Shaw.
5:11 of 1st period - Andrew Shaw wins face-off versus Danton Heinen in VANCOUVER VOODOO zone.
5:47 of 1st period - Andrew Shaw is hit by Michael Stone.
5:50 of 1st period - Icing by Jordan Oesterle.
5:51 of 1st period - Victor Rask wins face-off versus Danton Heinen in SAN FRANCISCO SPIDERS zone.
5:53 of 1st period - Noel Acciari is hit by Michael Stone and loses puck.
6:12 of 1st period - Shot by Victor Rask.
6:12 of 1st period - Shot Misses the Net.
6:14 of 1st period - Shot by Noel Acciari.
6:14 of 1st period - Stopped by Malcolm Subban without a rebound.
6:15 of 1st period - Erik Haula wins face-off versus Filip Chlapik in SAN FRANCISCO SPIDERS zone.
6:25 of 1st period - Minor Penalty to P.K. Subban for Holding.
6:26 of 1st period - Andrew Shaw wins face-off versus Erik Haula in VANCOUVER VOODOO zone.
7:24 of 1st period - Shot by Andrei Svechnikov.
7:24 of 1st period - Stopped by Carey Price without a rebound.
7:25 of 1st period - Andrew Shaw wins face-off versus Danton Heinen in VANCOUVER VOODOO zone.
7:25 of 1st period - Andrew Shaw is hit by Danton Heinen.
8:24 of 1st period - Shot by Erik Haula.
8:24 of 1st period - Shot Misses the Net.
8:35 of 1st period - Icing by P.K. Subban.
8:36 of 1st period - Kirby Dach wins face-off versus Filip Chlapik in VANCOUVER VOODOO zone.
8:36 of 1st period - Alexander Kerfoot is hit by P.K. Subban and loses puck.
8:44 of 1st period - Off-side.
8:45 of 1st period - Victor Rask wins face-off versus Kirby Dach in neutral zone.
8:52 of 1st period - Shot by Victor Rask.
8:52 of 1st period - Shot Misses the Net.
8:54 of 1st period - Shot by Noel Acciari.
8:54 of 1st period - Stopped by Malcolm Subban without a rebound.
8:55 of 1st period - Calle Jarnkrok wins face-off versus Andrew Shaw in SAN FRANCISCO SPIDERS zone.
8:55 of 1st period - Calle Jarnkrok is hit by Andrew Shaw.
9:01 of 1st period - Off-side.
9:02 of 1st period - Erik Haula wins face-off versus Victor Rask in neutral zone.
9:06 of 1st period - Nate Schmidt is hit by Mathew Dumba and loses puck.
9:42 of 1st period - Shot by Mike Hoffman.
9:42 of 1st period - Shot Misses the Net.
9:49 of 1st period - Icing by Victor Rask.
9:50 of 1st period - Victor Rask wins face-off versus Calle Jarnkrok in VANCOUVER VOODOO zone.
9:50 of 1st period - Victor Rask is hit by Milan Lucic.
10:09 of 1st period - Off-side.
10:10 of 1st period - Andrew Shaw wins face-off versus Kirby Dach in neutral zone.
10:21 of 1st period - Shot by Andrew Shaw.
10:21 of 1st period - Shot Blocked by Nico Sturm.
10:23 of 1st period - Shot by Joel Armia.
10:23 of 1st period - Shot Misses the Net.
10:25 of 1st period - Shot by Jarred Tinordi.
10:25 of 1st period - Stopped by Malcolm Subban without a rebound.
10:26 of 1st period - Filip Chlapik wins face-off versus Calle Jarnkrok in SAN FRANCISCO SPIDERS zone.
10:32 of 1st period - Brendan Lemieux is hit by Nate Schmidt.
10:54 of 1st period - Shot by Calle Jarnkrok.
10:54 of 1st period - Stopped by Carey Price without a rebound.
10:55 of 1st period - Andrew Shaw wins face-off versus Erik Haula in VANCOUVER VOODOO zone.
11:10 of 1st period - Shot by Joel Armia.
11:10 of 1st period - Shot Misses the Net.
11:34 of 1st period - Shot by Mike Hoffman.
11:34 of 1st period - Stopped by Carey Price with a rebound.
11:39 of 1st period - Icing by Andrew Shaw.
11:40 of 1st period - Andrew Shaw wins face-off versus Calle Jarnkrok in VANCOUVER VOODOO zone.
12:17 of 1st period - Shot by Calle Jarnkrok.
12:17 of 1st period - Shot Blocked by Mathew Dumba.
12:19 of 1st period - Shot by Andrei Svechnikov.
12:19 of 1st period - Shot Misses the Net.
12:21 of 1st period - Shot by Nate Schmidt.
12:21 of 1st period - Stopped by Carey Price without a rebound.
12:22 of 1st period - Filip Chlapik wins face-off versus Kirby Dach in VANCOUVER VOODOO zone.
12:35 of 1st period - Shot by Filip Chlapik.
12:35 of 1st period - Stopped by Malcolm Subban without a rebound.
12:36 of 1st period - Victor Rask wins face-off versus Erik Haula in SAN FRANCISCO SPIDERS zone.
12:50 of 1st period - Icing by Mike Hoffman.
12:51 of 1st period - Erik Haula wins face-off versus Rasmus Asplund in SAN FRANCISCO SPIDERS zone.
12:53 of 1st period - Icing by Mike Hoffman.
12:54 of 1st period - Erik Haula wins face-off versus Victor Rask in SAN FRANCISCO SPIDERS zone.
12:54 of 1st period - Erik Haula is hit by Jared McCann.
13:11 of 1st period - Shot by Mike Hoffman.
13:11 of 1st period - Stopped by Carey Price without a rebound.
13:12 of 1st period - Filip Chlapik wins face-off versus Calle Jarnkrok in VANCOUVER VOODOO zone.
13:12 of 1st period - Filip Chlapik is hit by Milan Lucic.
13:44 of 1st period - Shot by Paul Byron.
13:44 of 1st period - Shot Misses the Net.
14:19 of 1st period - Noel Acciari is hit by Tyler Myers and loses puck.
14:30 of 1st period - Shot by Jared McCann.
14:30 of 1st period - Shot Misses the Net.
14:36 of 1st period - Shot by Jared McCann.
14:36 of 1st period - Shot Blocked by Tyler Myers.
14:38 of 1st period - Shot by Noel Acciari.
14:38 of 1st period - Shot Misses the Net.
14:45 of 1st period - Icing by Nate Schmidt.
14:46 of 1st period - Danton Heinen wins face-off versus Rasmus Asplund in SAN FRANCISCO SPIDERS zone.
15:27 of 1st period - Shot by Nico Sturm.
15:27 of 1st period - Shot Blocked by Jarred Tinordi.
16:19 of 1st period - Icing by Mike Hoffman.
16:20 of 1st period - Andrew Shaw wins face-off versus Erik Haula in SAN FRANCISCO SPIDERS zone.
16:33 of 1st period - Shot by Joel Armia.
16:33 of 1st period - Deflect By Artturi Lehkonen.
16:33 of 1st period - Shot Blocked by Alex Chiasson.
16:35 of 1st period - Shot by Andrew Shaw.
16:35 of 1st period - Deflect By Joel Armia.
16:35 of 1st period - Stopped by Malcolm Subban without a rebound.
16:36 of 1st period - Victor Rask wins face-off versus Calle Jarnkrok in SAN FRANCISCO SPIDERS zone.
16:39 of 1st period - Shot by Victor Rask.
16:39 of 1st period - Stopped by Malcolm Subban without a rebound.
16:40 of 1st period - Andrew Shaw wins face-off versus Calle Jarnkrok in SAN FRANCISCO SPIDERS zone.
16:40 of 1st period - Andrew Shaw is hit by Nate Schmidt.
16:43 of 1st period - Artturi Lehkonen is hit by Tyler Myers.
16:58 of 1st period - Off-side.
16:59 of 1st period - Jared McCann wins face-off versus Kirby Dach in neutral zone.
17:10 of 1st period - Shot by Noel Acciari.
17:10 of 1st period - Shot Misses the Net.
17:12 of 1st period - Shot by Noel Acciari.
17:12 of 1st period - Goal by Noel Acciari - VANCOUVER VOODOO : 2 - SAN FRANCISCO SPIDERS : 0.
17:13 of 1st period - Calle Jarnkrok wins face-off versus Filip Chlapik in neutral zone.
17:16 of 1st period - Shot by Andrei Svechnikov.
17:16 of 1st period - Stopped by Carey Price without a rebound.
17:17 of 1st period - Victor Rask wins face-off versus Erik Haula in VANCOUVER VOODOO zone.
17:24 of 1st period - Icing by Nate Schmidt.
17:25 of 1st period - Erik Haula wins face-off versus Filip Chlapik in SAN FRANCISCO SPIDERS zone.
18:04 of 1st period - Shot by Erik Haula.
18:04 of 1st period - Deflect By Mike Hoffman.
18:04 of 1st period - Stopped by Carey Price without a rebound.
18:05 of 1st period - Calle Jarnkrok wins face-off versus Artturi Lehkonen in VANCOUVER VOODOO zone.
18:31 of 1st period - Off-side.
18:32 of 1st period - Victor Rask wins face-off versus Danton Heinen in neutral zone.
18:32 of 1st period - Noel Acciari is hit by Dominik Kahun and loses puck.
19:34 of 1st period - Joel Armia is hit by Alexander Kerfoot and loses puck.
Goals for this period are 2 for VANCOUVER VOODOO vs 0 for SAN FRANCISCO SPIDERS.
Shots for this period are 13 for VANCOUVER VOODOO vs 10 for SAN FRANCISCO SPIDERS.

2nd period


0:01 of 2nd period - Calle Jarnkrok wins face-off versus Filip Chlapik in neutral zone.
0:04 of 2nd period - Shot by Nate Schmidt.
0:04 of 2nd period - Shot Misses the Net.
0:48 of 2nd period - Andrei Svechnikov is hit by Filip Chlapik.
0:57 of 2nd period - Icing by Tyler Myers.
0:58 of 2nd period - Calle Jarnkrok wins face-off versus Victor Rask in SAN FRANCISCO SPIDERS zone.
1:19 of 2nd period - Shot by Noel Acciari.
1:19 of 2nd period - Shot Blocked by Alex Chiasson.
1:56 of 2nd period - Danton Heinen is hit by Noel Acciari and loses puck.
2:34 of 2nd period - Minor Penalty to Jordan Schmaltz for Hooking.
2:35 of 2nd period - Andrei Svechnikov wins face-off versus Filip Chlapik in SAN FRANCISCO SPIDERS zone.
2:44 of 2nd period - Shot by Paul Byron.
2:44 of 2nd period - Stopped by Malcolm Subban without a rebound.
2:45 of 2nd period - Jared McCann wins face-off versus Mike Hoffman in SAN FRANCISCO SPIDERS zone.
2:57 of 2nd period - Shot by Joel Armia.
2:57 of 2nd period - Stopped by Malcolm Subban with a rebound.
2:59 of 2nd period - Shot by P.K. Subban.
2:59 of 2nd period - Deflect By Joel Armia.
2:59 of 2nd period - Shot Misses the Net.
4:01 of 2nd period - Nate Schmidt is hit by Artturi Lehkonen and loses puck.
5:12 of 2nd period - Max Jones is hit by Kirby Dach and loses puck.
5:41 of 2nd period - Paul Byron is hit by Jordan Schmaltz and loses puck.
5:44 of 2nd period - Shot by Brendan Lemieux.
5:44 of 2nd period - Deflect By Filip Chlapik.
5:44 of 2nd period - Shot Misses the Net.
5:46 of 2nd period - Shot by Filip Chlapik.
5:46 of 2nd period - Shot Blocked by Kirby Dach.
5:48 of 2nd period - Shot by Brendan Lemieux.
5:48 of 2nd period - Stopped by Malcolm Subban without a rebound.
5:49 of 2nd period - Andrew Shaw wins face-off versus Danton Heinen in SAN FRANCISCO SPIDERS zone.
5:57 of 2nd period - Minor Penalty to Michael Stone for Holding.
5:58 of 2nd period - Andrew Shaw wins face-off versus Mike Hoffman in SAN FRANCISCO SPIDERS zone.
5:58 of 2nd period - Joel Armia is hit by Nate Schmidt and loses puck.
6:03 of 2nd period - Shot by Andrew Shaw.
6:03 of 2nd period - Stopped by Malcolm Subban without a rebound.
6:04 of 2nd period - Mike Hoffman wins face-off versus Andrew Shaw in SAN FRANCISCO SPIDERS zone.
6:19 of 2nd period - Shot by Jared McCann.
6:19 of 2nd period - Shot Misses the Net.
6:21 of 2nd period - Shot by Andrew Shaw.
6:21 of 2nd period - Shot Misses the Net.
6:23 of 2nd period - Shot by Joel Armia.
6:23 of 2nd period - Stopped by Malcolm Subban without a rebound.
6:24 of 2nd period - Mike Hoffman wins face-off versus Victor Rask in SAN FRANCISCO SPIDERS zone.
6:58 of 2nd period - Shot by Andrei Svechnikov.
6:58 of 2nd period - Stopped by Carey Price without a rebound.
6:59 of 2nd period - Mike Hoffman wins face-off versus Andrew Shaw in VANCOUVER VOODOO zone.
8:17 of 2nd period - Off-side.
8:18 of 2nd period - Kirby Dach wins face-off versus Paul Byron in neutral zone.
8:51 of 2nd period - Shot by Filip Chlapik.
8:51 of 2nd period - Shot Misses the Net.
8:53 of 2nd period - Shot by Paul Byron.
8:53 of 2nd period - Stopped by Malcolm Subban without a rebound.
8:54 of 2nd period - Victor Rask wins face-off versus Erik Haula in SAN FRANCISCO SPIDERS zone.
8:57 of 2nd period - Shot by Noel Acciari.
8:57 of 2nd period - Shot Misses the Net.
9:09 of 2nd period - Shot by Erik Haula.
9:09 of 2nd period - Deflect By Mike Hoffman.
9:09 of 2nd period - Stopped by Carey Price without a rebound.
9:10 of 2nd period - Milan Lucic wins face-off versus Joel Armia in VANCOUVER VOODOO zone.
9:10 of 2nd period - Andrei Svechnikov is hit by Jarred Tinordi.
9:12 of 2nd period - Shot by Calle Jarnkrok.
9:12 of 2nd period - Deflect By Andrei Svechnikov.
9:12 of 2nd period - Shot Blocked by Jarred Tinordi.
9:14 of 2nd period - Shot by Andrei Svechnikov.
9:14 of 2nd period - Shot Misses the Net.
9:16 of 2nd period - Shot by Calle Jarnkrok.
9:16 of 2nd period - Stopped by Carey Price without a rebound.
9:17 of 2nd period - Andrew Shaw wins face-off versus Calle Jarnkrok in VANCOUVER VOODOO zone.
9:40 of 2nd period - Shot by Calle Jarnkrok.
9:40 of 2nd period - Goal by Calle Jarnkrok - VANCOUVER VOODOO : 2 - SAN FRANCISCO SPIDERS : 1.
9:41 of 2nd period - Erik Haula wins face-off versus Victor Rask in neutral zone.
11:10 of 2nd period - Shot by Andrei Svechnikov.
11:10 of 2nd period - Shot Misses the Net.
11:12 of 2nd period - Shot by Tyler Myers.
11:12 of 2nd period - Shot Blocked by Danny DeKeyser.
11:14 of 2nd period - Shot by Calle Jarnkrok.
11:14 of 2nd period - Shot Hit the Post.
11:35 of 2nd period - Off-side.
11:36 of 2nd period - Kirby Dach wins face-off versus Filip Chlapik in neutral zone.
11:36 of 2nd period - Kirby Dach is hit by Brendan Lemieux.
11:44 of 2nd period - Shot by Alexander Kerfoot.
11:44 of 2nd period - Shot Misses the Net.
12:03 of 2nd period - Minor Penalty to Jordan Schmaltz for Interference.
12:04 of 2nd period - Victor Rask wins face-off versus Mike Hoffman in SAN FRANCISCO SPIDERS zone.
12:11 of 2nd period - Shot by Artturi Lehkonen.
12:11 of 2nd period - Shot Misses the Net.
12:13 of 2nd period - Shot by Artturi Lehkonen.
12:13 of 2nd period - Stopped by Malcolm Subban without a rebound.
12:14 of 2nd period - Andrew Shaw wins face-off versus Mike Hoffman in SAN FRANCISCO SPIDERS zone.
12:56 of 2nd period - Icing by Mathew Dumba.
12:57 of 2nd period - Milan Lucic wins face-off versus Andrew Shaw in VANCOUVER VOODOO zone.
13:31 of 2nd period - Shot by Paul Byron.
13:31 of 2nd period - Shot Blocked by Michael Stone.
14:00 of 2nd period - Icing by Nicolas Hague.
14:01 of 2nd period - Milan Lucic wins face-off versus Victor Rask in VANCOUVER VOODOO zone.
14:14 of 2nd period - Shot by Dominik Kahun.
14:14 of 2nd period - Stopped by Carey Price without a rebound.
14:15 of 2nd period - Rasmus Asplund wins face-off versus Kirby Dach in VANCOUVER VOODOO zone.
14:38 of 2nd period - Off-side.
14:39 of 2nd period - Erik Haula wins face-off versus Filip Chlapik in neutral zone.
15:10 of 2nd period - Shot by Brendan Lemieux.
15:10 of 2nd period - Stopped by Malcolm Subban with a rebound.
15:31 of 2nd period - Calle Jarnkrok is hit by Mathew Dumba and loses puck.
15:56 of 2nd period - Icing by Noel Acciari.
15:57 of 2nd period - Victor Rask wins face-off versus Danton Heinen in VANCOUVER VOODOO zone.
15:57 of 2nd period - Noel Acciari is hit by Dominik Simon.
16:13 of 2nd period - Shot by Danton Heinen.
16:13 of 2nd period - Stopped by Carey Price without a rebound.
16:14 of 2nd period - Kirby Dach wins face-off versus Andrew Shaw in VANCOUVER VOODOO zone.
16:21 of 2nd period - Nate Schmidt is hit by Andrew Shaw and loses puck.
17:18 of 2nd period - Shot by Andrei Svechnikov.
17:18 of 2nd period - Shot Misses the Net.
17:20 of 2nd period - Shot by Jordan Oesterle.
17:20 of 2nd period - Stopped by Carey Price without a rebound.
17:21 of 2nd period - Erik Haula wins face-off versus Nicolas Roy in VANCOUVER VOODOO zone.
17:33 of 2nd period - Off-side.
17:34 of 2nd period - Victor Rask wins face-off versus Calle Jarnkrok in neutral zone.
17:49 of 2nd period - Shot by Victor Rask.
17:49 of 2nd period - Shot Misses the Net.
17:51 of 2nd period - Shot by Jared McCann.
17:51 of 2nd period - Stopped by Malcolm Subban without a rebound.
17:52 of 2nd period - Alex Chiasson wins face-off versus Filip Chlapik in SAN FRANCISCO SPIDERS zone.
18:30 of 2nd period - Icing by Mike Green.
18:31 of 2nd period - Calle Jarnkrok wins face-off versus Filip Chlapik in VANCOUVER VOODOO zone.
18:34 of 2nd period - Shot by Andrei Svechnikov.
18:34 of 2nd period - Shot Blocked by P.K. Subban.
18:55 of 2nd period - Calle Jarnkrok is hit by Jarred Tinordi and loses puck.
19:12 of 2nd period - Shot by Andrei Svechnikov.
19:12 of 2nd period - Stopped by Carey Price without a rebound.
19:13 of 2nd period - Andrew Shaw wins face-off versus Danton Heinen in VANCOUVER VOODOO zone.
19:18 of 2nd period - Shot by Andrew Shaw.
19:18 of 2nd period - Stopped by Malcolm Subban with a rebound.
19:25 of 2nd period - Dominik Kahun is hit by Mathew Dumba and loses puck.
19:28 of 2nd period - Shot by Dominik Kahun.
19:28 of 2nd period - Stopped by Carey Price without a rebound.
19:29 of 2nd period - Rasmus Asplund wins face-off versus Erik Haula in VANCOUVER VOODOO zone.
19:46 of 2nd period - Shot by Erik Haula.
19:46 of 2nd period - Stopped by Carey Price with a rebound.
19:48 of 2nd period - Shot by Mike Hoffman.
19:48 of 2nd period - Stopped by Carey Price without a rebound.
19:49 of 2nd period - Noel Acciari wins face-off versus Danton Heinen in VANCOUVER VOODOO zone.
19:49 of 2nd period - Noel Acciari is hit by Dominik Kahun.
19:55 of 2nd period - Shot by Noel Acciari.
19:55 of 2nd period - Stopped by Malcolm Subban with a rebound.
Goals for this period are 0 for VANCOUVER VOODOO vs 1 for SAN FRANCISCO SPIDERS.
Shots for this period are 11 for VANCOUVER VOODOO vs 11 for SAN FRANCISCO SPIDERS.

3rd period


0:01 of 3rd period - Victor Rask wins face-off versus Calle Jarnkrok in neutral zone.
0:56 of 3rd period - Tyler Myers is hit by Andrew Shaw and loses puck.
1:02 of 3rd period - Icing by Nate Schmidt.
1:03 of 3rd period - Calle Jarnkrok wins face-off versus Filip Chlapik in SAN FRANCISCO SPIDERS zone.
1:31 of 3rd period - Filip Chlapik is hit by Michael Stone and loses puck.
2:01 of 3rd period - Icing by Artturi Lehkonen.
2:02 of 3rd period - Danton Heinen wins face-off versus Andrew Shaw in VANCOUVER VOODOO zone.
2:31 of 3rd period - Shot by Artturi Lehkonen.
2:31 of 3rd period - Stopped by Malcolm Subban with a rebound.
2:37 of 3rd period - Joel Armia is hit by Dominik Simon and loses puck.
3:30 of 3rd period - Shot by Jared McCann.
3:30 of 3rd period - Shot Misses the Net.
3:31 of 3rd period - Minor Penalty to Jared McCann for Hooking.
3:32 of 3rd period - Noel Acciari wins face-off versus Erik Haula in VANCOUVER VOODOO zone.
4:43 of 3rd period - Shot by Andrei Svechnikov.
4:43 of 3rd period - Stopped by Carey Price without a rebound.
4:44 of 3rd period - Danton Heinen wins face-off versus Noel Acciari in VANCOUVER VOODOO zone.
5:13 of 3rd period - Shot by Danton Heinen.
5:13 of 3rd period - Shot Misses the Net.
5:27 of 3rd period - Shot by Erik Haula.
5:27 of 3rd period - Goal by Erik Haula - VANCOUVER VOODOO : 2 - SAN FRANCISCO SPIDERS : 2.
5:28 of 3rd period - Rasmus Asplund wins face-off versus Kirby Dach in neutral zone.
5:55 of 3rd period - Shot by Alexander Kerfoot.
5:55 of 3rd period - Stopped by Carey Price without a rebound.
5:56 of 3rd period - Filip Chlapik wins face-off versus Andrei Svechnikov in VANCOUVER VOODOO zone.
7:10 of 3rd period - Off-side.
7:11 of 3rd period - Andrew Shaw wins face-off versus Danton Heinen in neutral zone.
7:40 of 3rd period - Shot by Artturi Lehkonen.
7:40 of 3rd period - Stopped by Malcolm Subban with a rebound.
7:58 of 3rd period - Icing by Jordan Oesterle.
7:59 of 3rd period - Victor Rask wins face-off versus Danton Heinen in SAN FRANCISCO SPIDERS zone.
8:23 of 3rd period - Shot by Noel Acciari.
8:23 of 3rd period - Stopped by Malcolm Subban without a rebound.
8:24 of 3rd period - Nicolas Roy wins face-off versus Erik Haula in SAN FRANCISCO SPIDERS zone.
8:38 of 3rd period - Shot by Max Jones.
8:38 of 3rd period - Stopped by Malcolm Subban without a rebound.
8:39 of 3rd period - Andrew Shaw wins face-off versus Calle Jarnkrok in SAN FRANCISCO SPIDERS zone.
8:39 of 3rd period - Andrew Shaw is hit by Jordan Schmaltz.
8:43 of 3rd period - Shot by Artturi Lehkonen.
8:43 of 3rd period - Stopped by Malcolm Subban without a rebound.
8:44 of 3rd period - Erik Haula wins face-off versus Victor Rask in SAN FRANCISCO SPIDERS zone.
8:46 of 3rd period - Icing by Mike Hoffman.
8:47 of 3rd period - Victor Rask wins face-off versus Erik Haula in SAN FRANCISCO SPIDERS zone.
8:58 of 3rd period - Shot by Victor Rask.
8:58 of 3rd period - Shot Misses the Net.
9:00 of 3rd period - Shot by Noel Acciari.
9:00 of 3rd period - Stopped by Malcolm Subban with a rebound.
9:02 of 3rd period - Shot by Noel Acciari.
9:02 of 3rd period - Stopped by Malcolm Subban without a rebound.
9:03 of 3rd period - Andrew Shaw wins face-off versus Milan Lucic in SAN FRANCISCO SPIDERS zone.
9:13 of 3rd period - Icing by Andrei Svechnikov.
9:14 of 3rd period - Victor Rask wins face-off versus Calle Jarnkrok in SAN FRANCISCO SPIDERS zone.
11:21 of 3rd period - Shot by Danton Heinen.
11:21 of 3rd period - Shot Hit the Post.
11:33 of 3rd period - Shot by Brendan Lemieux.
11:33 of 3rd period - Stopped by Malcolm Subban without a rebound.
11:34 of 3rd period - Rasmus Asplund wins face-off versus Kirby Dach in SAN FRANCISCO SPIDERS zone.
11:59 of 3rd period - Shot by Kirby Dach.
11:59 of 3rd period - Shot Misses the Net.
12:07 of 3rd period - Alexander Kerfoot is hit by Nicolas Roy and loses puck.
12:50 of 3rd period - Shot by Jared McCann.
12:50 of 3rd period - Stopped by Malcolm Subban without a rebound.
12:51 of 3rd period - Erik Haula wins face-off versus Andrew Shaw in SAN FRANCISCO SPIDERS zone.
12:55 of 3rd period - Minor Penalty to Joel Armia for Tripping.
12:56 of 3rd period - Danton Heinen wins face-off versus Noel Acciari in VANCOUVER VOODOO zone.
13:16 of 3rd period - Off-side.
13:17 of 3rd period - Erik Haula wins face-off versus Noel Acciari in neutral zone.
13:19 of 3rd period - Off-side.
13:20 of 3rd period - Noel Acciari wins face-off versus Danton Heinen in neutral zone.
13:31 of 3rd period - Shot by Mike Hoffman.
13:31 of 3rd period - Stopped by Carey Price without a rebound.
13:32 of 3rd period - Erik Haula wins face-off versus Noel Acciari in VANCOUVER VOODOO zone.
13:51 of 3rd period - Nate Schmidt is hit by Noel Acciari and loses puck.
14:08 of 3rd period - Shot by Nate Schmidt.
14:08 of 3rd period - Stopped by Carey Price without a rebound.
14:09 of 3rd period - Andrew Shaw wins face-off versus Andrei Svechnikov in VANCOUVER VOODOO zone.
14:09 of 3rd period - Andrew Shaw is hit by Andrei Svechnikov.
14:18 of 3rd period - Off-side.
14:19 of 3rd period - Danton Heinen wins face-off versus Andrew Shaw in neutral zone.
14:22 of 3rd period - Shot by Mike Hoffman.
14:22 of 3rd period - Stopped by Carey Price with a rebound.
14:24 of 3rd period - Shot by Andrei Svechnikov.
14:24 of 3rd period - Stopped by Carey Price without a rebound.
14:25 of 3rd period - Noel Acciari wins face-off versus Andrei Svechnikov in VANCOUVER VOODOO zone.
14:58 of 3rd period - Shot by Alexander Kerfoot.
14:58 of 3rd period - Shot Hit the Post.
15:00 of 3rd period - Shot by Nico Sturm.
15:00 of 3rd period - Stopped by Carey Price without a rebound.
15:01 of 3rd period - Nico Sturm wins face-off versus Victor Rask in VANCOUVER VOODOO zone.
15:28 of 3rd period - Shot by Kirby Dach.
15:28 of 3rd period - Stopped by Carey Price without a rebound.
15:29 of 3rd period - Erik Haula wins face-off versus Joel Armia in VANCOUVER VOODOO zone.
15:46 of 3rd period - Shot by Mike Hoffman.
15:46 of 3rd period - Stopped by Carey Price without a rebound.
15:47 of 3rd period - Calle Jarnkrok wins face-off versus Filip Chlapik in VANCOUVER VOODOO zone.
16:16 of 3rd period - Shot by Andrei Svechnikov.
16:16 of 3rd period - Shot Misses the Net.
16:46 of 3rd period - Shot by Victor Rask.
16:46 of 3rd period - Shot Blocked by Andrei Svechnikov.
16:48 of 3rd period - Shot by Victor Rask.
16:48 of 3rd period - Stopped by Malcolm Subban without a rebound.
16:49 of 3rd period - Erik Haula wins face-off versus Andrew Shaw in SAN FRANCISCO SPIDERS zone.
16:57 of 3rd period - Alex Chiasson is hit by Mathew Dumba and loses puck.
17:16 of 3rd period - Shot by Mike Hoffman.
17:16 of 3rd period - Shot Misses the Net.
17:57 of 3rd period - Noel Acciari is hit by Tyler Myers and loses puck.
18:02 of 3rd period - Shot by Noel Acciari.
18:02 of 3rd period - Deflect By Jared McCann.
18:02 of 3rd period - Shot Blocked by Nate Schmidt.
18:05 of 3rd period - Minor Penalty to Tyler Myers for High sticking.
18:06 of 3rd period - Victor Rask wins face-off versus Mike Hoffman in SAN FRANCISCO SPIDERS zone.
19:10 of 3rd period - Shot by Jared McCann.
19:10 of 3rd period - Shot Misses the Net.
19:14 of 3rd period - Shot by Jared McCann.
19:14 of 3rd period - Shot Misses the Net.
19:16 of 3rd period - Shot by Joel Armia.
19:16 of 3rd period - Stopped by Malcolm Subban without a rebound.
19:17 of 3rd period - Danton Heinen wins face-off versus Victor Rask in SAN FRANCISCO SPIDERS zone.
19:29 of 3rd period - Icing by Paul Byron.
19:30 of 3rd period - Victor Rask wins face-off versus Mike Hoffman in VANCOUVER VOODOO zone.
19:32 of 3rd period - Icing by Artturi Lehkonen.
19:33 of 3rd period - Victor Rask wins face-off versus Mike Hoffman in VANCOUVER VOODOO zone.
19:42 of 3rd period - Shot by Victor Rask.
19:42 of 3rd period - Shot Misses the Net.
Goals for this period are 0 for VANCOUVER VOODOO vs 1 for SAN FRANCISCO SPIDERS.
Shots for this period are 11 for VANCOUVER VOODOO vs 10 for SAN FRANCISCO SPIDERS.

Overtime #1


0:01 of 1st overtime period - Rasmus Asplund wins face-off versus Mike Hoffman in neutral zone.
0:42 of 1st overtime period - Shot by Mike Hoffman.
0:42 of 1st overtime period - Stopped by Carey Price with a rebound.
1:27 of 1st overtime period - Shot by Erik Haula.
1:27 of 1st overtime period - Shot Blocked by Noel Acciari.
2:17 of 1st overtime period - Shot by Alex Chiasson.
2:17 of 1st overtime period - Stopped by Carey Price with a rebound.
3:15 of 1st overtime period - Shot by Victor Rask.
3:15 of 1st overtime period - Stopped by Malcolm Subban with a rebound.
4:11 of 1st overtime period - Icing by Victor Rask.
4:12 of 1st overtime period - Victor Rask wins face-off versus Milan Lucic in VANCOUVER VOODOO zone.
4:37 of 1st overtime period - Shot by Joel Armia.
4:37 of 1st overtime period - Deflect By Jared McCann.
4:37 of 1st overtime period - Shot Blocked by Alex Chiasson.
4:43 of 1st overtime period - Shot by Alex Chiasson.
4:43 of 1st overtime period - Goal by Alex Chiasson - VANCOUVER VOODOO : 2 - SAN FRANCISCO SPIDERS : 3.
Goals for this period are 0 for VANCOUVER VOODOO vs 1 for SAN FRANCISCO SPIDERS.
Shots for this period are 1 for VANCOUVER VOODOO vs 3 for SAN FRANCISCO SPIDERS.


AUSTON
MATTHEWS
JOEL
ERIKSSON
MATHEW
BARZAL

EAST COAST

HOCKEY LEAGUE

  • 21.PIT7MAN3
  • 22.ATL3NHW4
  • 23.WOR5PET4
  • 24.3RHI4
  • 25.QUECHI
  • 26.CHALIM
  • 27.TRVLON
  • 28.CHWBAL